 Dungeon Crawl Stone Soup version 0.24.0-1-gfbc8707 (webtiles) character file.

Game seed: 8128382951418024293, levelgen mode: deterministic

14150 Geeful the Cleaver (level 12, -20/112 HPs)
             Began as a Hill Orc Abyssal Knight on Nov 2, 2019.
             Was a Priest of Lugonu.
             Killed from afar by Jorgrun (40 damage)
             ... with an iron shot
             ... on level 12 of the Dungeon.
             The game lasted 00:45:38 (16183 turns).

Geeful the Cleaver (Hill Orc Abyssal Knight)       Turns: 16183, Time: 00:45:39

Health: -20/112    AC: 27    Str: 20    XL:     12   Next: 13%
Magic:  15/21      EV:  1    Int: 12    God:    Lugonu [***...]
Gold:   302        SH:  0    Dex: 10    Spells: 11/11 levels left

rFire    + . .     SeeInvis +   h - +3 war axe (chop)
rCold    + + .     Gourm    .   (no shield)
rNeg     . . .     Faith    .   A - +0 crystal plate armour (curse)
rPois    +         Spirit   .   b - +1 hat {SInv}
rElec    +         Reflect  .   v - +2 cloak
rCorr    +         Harm     .   (no gloves)
MR       .....                  i - +1 pair of boots
Stlth    ..........             (no amulet)
HPRegen  0.28/turn              l - ring of protection from cold
MPRegen  0.17/turn              (no ring)

@: resistant, grasped by roots, starving, constricted
A: no striking features
a: Depart the Abyss, Bend Space, Banish, Renounce Religion


You were on level 12 of the Dungeon.
You worshipped Lugonu.
Lugonu was most pleased with you.
You were starving.

You visited 1 branch of the dungeon, and saw 12 of its levels.
You visited the Abyss 1 time.
You also visited: Ossuary.

You collected 874 gold pieces.
You spent 572 gold pieces at shops.

Inventory:

Hand Weapons
 h - a +3 war axe of chopping (weapon)
Missiles
 n - 49 poisoned darts (quivered)
 y - 3 datura-tipped darts
 B - 3 throwing nets
Armour
 b - a +1 hat of see invisible (worn)
 i - a +1 pair of boots (worn)
 v - a +2 cloak (worn)
 A - a cursed +0 crystal plate armour (worn)
 E - a +2 helmet
Jewellery
 l - a ring of protection from cold (left hand)
 u - an uncursed ring of fire
Wands
 p - a wand of iceblast (3)
 w - a wand of polymorph (8)
Scrolls
 a - 3 scrolls of immolation {unknown}
 g - 4 scrolls of identify
 j - 2 scrolls of teleportation
 t - a scroll of amnesia
Potions
 d - 8 potions of curing
 e - a potion of heal wounds
 f - 3 potions of flight
 k - 3 potions of resistance
 m - a potion of mutation
 o - a potion of agility {unknown}
 q - a potion of haste {unknown}
 r - 2 potions of cancellation {unknown}
 s - 4 potions of brilliance
 x - 2 potions of lignification
Comestibles
 c - 22 rations


   Skills:
 + Level 11.9 Fighting
 + Level 12.5 Axes
 + Level 10.8 Armour
 - Level 0.7 Dodging
 + Level 12.5 Invocations


You had 11 spell levels left.
You didn't know any spells.
Your spell library contained the following spells:

 Spells                   Type           Power        Failure   Level  Hunger
 Animate Skeleton         Necr           N/A          100%        1    ##.....
 Magic Dart               Conj           #...         100%        1    ##.....
 Pain                     Necr           #...         100%        1    ##.....
 Sting                    Conj/Pois      #...         100%        1    ##.....
 Blink                    Tloc           N/A          100%        2    ###....
 Call Imp                 Summ           #.......     100%        2    ###....
 Poisonous Vapours        Pois/Air       #.....       100%        2    ###....
 Slow                     Hex            #.......     100%        2    ###....
 Conjure Flame            Conj/Fire      #.......     100%        3    ####...
 Mephitic Cloud           Conj/Pois/Air  #.......     100%        3    ####...
 Regeneration             Chrm/Necr      #.........   100%        3    ####...
 Vampiric Draining        Necr           #.........   100%        3    ####...
 Animate Dead             Necr           N/A          100%        4    #####..
 Olgreb's Toxic Radiance  Pois           #.......     100%        4    #####..
 Venom Bolt               Conj/Pois      #.........   100%        5    ######.


Dungeon Overview and Level Annotations

Branches:
Dungeon (12/15)            Temple (0/1) D:4            Lair (0/6) D:10
    Orc (0/2) D:9         Ossuary (visited)

Altars:
Elyvilon
Kikubaaqudgha
Nemelex Xobeh
Ru
Trog
Wu Jian
Xom
The Shining One

Shops:
D:6 ?   D:9 (

Annotations:
D:11 1 runed translucent door, exclusion: obsidian statue, Motwaexy's ghost, journeyman OgWz
D:12 Jorgrun
Abyss:1 Erolcha, Joseph


Message History

You hit Jorgrun.
Jorgrun is moderately wounded.
Jorgrun hits you but does no damage. The grasping roots constrict you!
You closely miss Jorgrun.
Jorgrun is moderately wounded.
You slice Jorgrun!!
Jorgrun is heavily wounded.
Jorgrun hits you with an uncursed staff of earth.
Jorgrun crushes you!
* * * LOW HITPOINT WARNING * * *
x2 The grasping roots constrict you.
Press: ? - help, Shift-Dir - straight line, f/p - Jorgrun
Aim: Jorgrun, wielding a staff of earth and wearing a +0 robe of positive energy (moderately wounded, chance to defeat MR: 13%) Jorgrun resists with almost no effort.
You are starving!
You can no longer corrupt the fabric of space.
Jorgrun says, "I've ne'er se'n tha particular type o' rock formation 'fore."
Jorgrun gestures at you while chanting. The iron shot hits you!!!
You die...

### #####.###
#.......#
#.......#
#.......#
##.......#
##.<......#
###..@g.....#
#...'.......#
#...###.......#
+.# #.......# #
##+######


You could see Jorgrun.

Vanquished Creatures
  Gastronok (D:9)
  A centaur warrior (D:9)
  2 two-headed ogres (D:8)
  2 unseen horrors (D:11)
  A manticore (D:9)
  3 trolls
  Grinder (D:3)
  A shadow (D:11)
  Sigmund (D:5)
  11 yaks (D:11)
  A vampire mosquito (D:9)
  A steam dragon (D:10)
  Menkaure (D:7)
  5 orc warriors
  Duvessa (D:5)
  A phantom (D:9)
  An eye of draining (D:10)
  2 ice beasts
  A sky beast (D:6)
  3 necrophages
  A boggart (D:9)
  5 centaurs
  5 ogres
  A big kobold (D:9)
  2 bullfrogs
  A wyvern zombie (D:6)
  3 water moccasin zombies (Ossuary)
  Dowan (D:5)
  A scorpion (D:10)
  8 killer bees
  9 wights
  2 howler monkeys
  3 crimson imps
  2 bullfrog zombies
  A hound (D:5)
  A bullfrog skeleton (D:5)
  8 jellies
  3 orc priests
  3 orc wizards
  Jessica (D:3)
  6 worker ants
  4 big kobold zombies (Ossuary)
  A centaur simulacrum (D:9)
  A hound zombie (D:5)
  2 hound skeletons (D:6)
  2 mummies (Ossuary)
  Robin (D:3)
  3 gnolls (D:3)
  3 worker ant zombies
  7 adders
  2 howler monkey skeletons
  3 shadow imps
  7 oozes
  3 adder skeletons
  3 adder zombies (Ossuary)
  A worm (D:2)
  3 dart slugs
  3 leopard geckos
  25 orcs
  2 ball pythons
  4 giant cockroaches
  A gnoll zombie (Ossuary)
  13 goblins
  9 hobgoblins
  4 jackals (D:6)
  2 quokkas
  4 bats
  5 frilled lizards
  2 giant cockroach zombies
  5 hobgoblin zombies (Ossuary)
  10 kobolds
  4 kobold zombies (Ossuary)
  2 leopard gecko zombies
  3 orc zombies (Ossuary)
  A quokka skeleton (D:5)
  9 rats
262 creatures vanquished.

Vanquished Creatures (others)
  A hydra (D:11)
  A two-headed ogre (D:6)
  An orc wizard (D:4)
  A fungus (D:11)
  3 plants (D:11)
7 creatures vanquished.

Grand Total: 269 creatures vanquished

Notes
Turn   | Place    | Note
-------+----------+-------------------------------------------
     0 | Abyss:1  | Geeful the Hill Orc Abyssal Knight began the quest for the
                  | Orb.
     0 | Abyss:1  | Reached XP level 1. HP: 19/19 MP: 2/2
     0 | Abyss:1  | Found a corrupted altar of Lugonu.
    28 | Abyss:1  | Noticed an ancient zyme
    31 | D:1      | Escaped the Abyss
   150 | D:1      | Reached * piety under Lugonu
   292 | D:1      | Reached XP level 2. HP: 27/27 MP: 4/4
   795 | D:2      | Reached XP level 3. HP: 21/33 MP: 5/5
  1191 | D:2      | Found an ancient bone altar of Kikubaaqudgha.
  1665 | D:2      | Reached XP level 4. HP: 33/40 MP: 6/6
  1790 | D:3      | Noticed Jessica
  1792 | D:3      | Killed Jessica
  1973 | D:3      | Reached XP level 5. HP: 45/47 MP: 7/7
  2007 | D:3      | Reached ** piety under Lugonu
  2206 | D:3      | Found a faded altar of an unknown god.
  2221 | D:3      | Found a sacrificial altar of Ru.
  2263 | D:3      | Noticed Grinder
  2263 | D:3      | Paralysed by Grinder for 6 turns
  2278 | D:3      | Killed Grinder
  2278 | D:3      | Reached skill level 5 in Fighting
  2278 | D:3      | Reached XP level 6. HP: 25/56 MP: 7/9
  2550 | D:3      | Noticed Robin
  2559 | D:3      | Reached skill level 5 in Axes
  2580 | D:3      | Killed Robin
  2971 | D:4      | Reached skill level 5 in Invocations
  3036 | D:4      | Reached XP level 7. HP: 57/61 MP: 10/10
  3600 | D:4      | Found a staircase to the Ecumenical Temple.
  4143 | D:5      | Entered Level 5 of the Dungeon
  4250 | D:5      | Noticed Sigmund
  4252 | D:5      | Killed Sigmund
  4348 | D:5      | Reached skill level 5 in Armour
  4553 | D:5      | Found a white marble altar of Elyvilon.
  4591 | D:5      | Noticed Dowan
  4591 | D:5      | Noticed Duvessa
  4608 | D:5      | Killed Dowan
  4608 | D:5      | Reached XP level 8. HP: 67/71 MP: 12/12
  4634 | D:5      | Killed Duvessa
  4686 | D:5      | Reached *** piety under Lugonu
  5424 | D:6      | Found a glowing golden altar of the Shining One.
  6041 | D:6      | Found an ornate altar of the Wu Jian Council.
  6156 | D:6      | Found a sparkling altar of Nemelex Xobeh.
  6210 | D:6      | Found Hekley's Magic Scroll Emporium.
  6219 | D:6      | Reached XP level 9. HP: 79/79 MP: 14/14
  6530 | D:6      | Noticed a two-headed ogre
  6532 | D:6      | Banished a two-headed ogre
  6702 | D:7      | Found a sand-covered staircase.
  6738 | Ossuary  | Entered an ossuary
  7197 | D:7      | Noticed Menkaure
  7211 | D:7      | Killed Menkaure
  7211 | D:7      | Reached **** piety under Lugonu
  7432 | D:7      | You fall into a shaft and drop 2 floors!
  7432 | D:9      | Noticed a troll
  7447 | D:9      | Killed a troll
  7683 | D:9      | Noticed a centaur warrior
  7694 | D:9      | Noticed a manticore
  7696 | D:9      | Found a bloodstained altar of Trog.
  8017 | D:9      | Noticed Erolcha
  8019 | D:9      | Banished Erolcha
  8049 | D:9      | Noticed Gastronok
  8075 | D:9      | Reached XP level 10. HP: 65/91 MP: 15/17
  8892 | D:10     | Entered Level 10 of the Dungeon
  8901 | D:10     | Found a shimmering altar of Xom.
  9439 | D:7      | Noticed Joseph
  9464 | D:7      | Banished Joseph
  9995 | D:8      | Noticed a two-headed ogre
 10024 | D:8      | Killed a two-headed ogre
 10024 | D:8      | Reached skill level 10 in Axes
 10024 | D:8      | Reached skill level 10 in Invocations
 10069 | D:8      | Noticed a two-headed ogre
 10331 | D:8      | Killed a two-headed ogre
 10331 | D:8      | Reached skill level 10 in Fighting
 11823 | D:6      | Bought a scroll of acquirement for 572 gold pieces
 12308 | D:9      | Killed Gastronok
 12308 | D:9      | Reached XP level 11. HP: 66/101 MP: 19/19
 12581 | D:9      | Killed a manticore
 12711 | D:9      | Found a staircase to the Orcish Mines.
 12731 | D:9      | Found Weonn's Weapon Boutique.
 13025 | D:9      | Noticed a centaur warrior
 13050 | D:9      | Killed a centaur warrior
 13288 | D:10     | Reached skill level 10 in Armour
 13363 | D:10     | Found a staircase to the Lair.
 14875 | D:11     | Noticed an unseen horror
 14890 | D:11     | Killed an unseen horror
 14894 | D:11     | Noticed an unseen horror
 14925 | D:11     | Killed an unseen horror
 14925 | D:11     | Reached XP level 12. HP: 55/111 MP: 21/21
 15189 | D:11     | Noticed a four-headed hydra
 15191 | D:11     | Banished a four-headed hydra
 15775 | D:11     | Identified the +8 trident of Rifo {protect, +Inv +Fly
                  | rPois}
 15776 | D:11     | Found a runed translucent door.
 15776 | D:11     | Noticed Motwaexy's ghost (journeyman OgWz)
 15776 | D:11     | Noticed a spriggan rider
 16136 | D:12     | Noticed Jorgrun
 16183 | D:12     | Killed from afar by Jorgrun

Levels and vault maps discovered:
D:1:      mainiacjoe_arrival_reflecting_pool, layout_loops_ring
D:2:      minmay_wonky_spiral, layout_basic, minmay_misc_feat_secret_circle,
          lemuel_statue_altar
D:3:      layout_basic, nicolae_ru_sacrificial_ziggurat,
          chequers_ecumenical_altar_simple, uniq_robin, uniq_grinder,
          uniq_jessica
D:4:      layout_loops_corners, minmay_temple_entry_slanted, first_ration,
          chequers_decorated_corner
D:5:      minmay_diamond_boxcup, layout_basic, elyvilon_altar_3,
          chequers_serial_rivers_small_3, uniq_sigmund, uniq_duvessa
D:6:      layout_loops_cross, overflow_temple_1_default,
          nicolae_overflow_hidden_temple, overflow_temple_1_default,
          serial_shops, nicolae_shop_stone, roderic_serpentine_path
D:7:      layout_rooms, enter_ossuary_3, uniq_menkaure, uniq_joseph
D:8:      layout_layer_cave
D:9:      hangedman_cross_veins, layout_basic, lightli_temple_of_fire,
          orc_david_3, hangedman_little_slice_of_home, uniq_gastronok,
          uniq_erolcha
D:10:     layout_grid_maze, dpeg_oklobed_lair, xom_teletrap_fun
D:11:     layout_rooms, ebering_ghost_funeral_grove, minivault_16
D:12:     layout_roguey, minivault_26, minivault_10, uniq_rupert, uniq_jorgrun

Skill      XL: |  1  2  3  4  5  6  7  8  9 10 11 |
---------------+----------------------------------+-----
Axes           | 3 4 5 6 7 9 11 12 | 12.5
Fighting       | 4 5 6 7 9 10 11 | 11.9
Invocations    | 3 4 5 6 7 9 11 12 | 12.5
Armour         | 3 4 5 6 7 9 10 | 10.8
Dodging        | |  0.7

Action                   |  1- 3 |  4- 6 |  7- 9 | 10-12 || total
-------------------------+-------+-------+-------+-------++-------
Melee: Hand axe          |   114 |    96 |   511 |   504 ||  1225
       War axe           |       |       |       |   168 ||   168
Throw: Dart              |       |     7 |       |    44 ||    51
Invok: Depart the Abyss  |     1 |       |       |       ||     1
       Banish            |       |       |     2 |     5 ||     7
       Bend Space        |       |       |       |     2 ||     2
Evoke: Wand              |       |       |     2 |     5 ||     7
  Use: Scroll            |     2 |     4 |     8 |    14 ||    28
       Potion            |       |     1 |     2 |     7 ||    10
  Eat: Chunk             |     2 |     5 |    12 |    10 ||    29
       Ration            |       |       |     1 |     5 ||     6
Armor: Leather armour    |    29 |    23 |       |       ||    52
       Scale mail        |       |     3 |     6 |       ||     9
       Chain mail        |       |       |   279 |    91 ||   370
       Crystal plate arm |       |       |       |   497 ||   497
Dodge: Dodged            |    61 |    52 |   173 |   158 ||   444
